 Dungeon Crawl Stone Soup version 0.29-a0-271-gd4eb659eea (webtiles) character file.

Game seed: 16506320078606599394

531 Colgate the Artisan of Death (level 7, 0/32 HPs)
             Began as a Spriggan Enchanter on Mar 8, 2022.
             Was a Priest of Kikubaaqudgha.
             Slain by a white imp (1 damage)
             ... summoned by Natasha
             ... on level 4 of the Dungeon.
             The game lasted 00:25:00 (7541 turns).

Colgate the Artisan of Death (Spriggan Enchanter)   Turns: 7541, Time: 00:25:01

Health: 0/32       AC:  4    Str:  7    XL:     7   Next: 3%
Magic:  2/12       EV: 17    Int: 19    God:    Kikubaaqudgha [***...]
Gold:   287        SH:  0    Dex: 15    Spells: 2/11 levels left

rFire   + . .      SeeInvis +   b - +1 long sword of Destruction {freeze, rF+ rC++ Str+3}
rCold   + + .      Faith    .   (no shield)
rNeg    . . .      Spirit   .   k - +0 robe
rPois   .          Reflect  .   n - +1 hat
rElec   .          Harm     .   g - +0 cloak
rCorr   .          Rampage  .   (gloves unavailable)
Will    +....                   (boots unavailable)
Stlth   +++.......              (no amulet)
HPRegen 0.10/turn               (no ring)
MPRegen 0.13/turn               (no ring)

@: very quick
A: very small, no large weapons, unfitting armour, see invisible, speed 3
a: Renounce Religion, Receive Corpses


You were on level 4 of the Dungeon.
You worshipped Kikubaaqudgha.
Kikubaaqudgha was most pleased with you.
You visited 1 branch of the dungeon, and saw 4 of its levels.
You also visited: Sewer.

You collected 287 gold pieces.

Inventory:

Hand Weapons
 a - a +1 dagger
 b - the +1 long sword of Destruction (weapon) {freeze, rF+ rC++ Str+3}
   (You found it on level 4 of the Dungeon)

   It freezes those it strikes, dealing additional cold damage.
   It can also slow down cold-blooded creatures.
   Str:       It affects your strength (+3).
   rF:        It protects you from fire.
   rC:        It greatly protects you from cold.
Missiles
 p - a throwing net {!f}
Armour
 g - a +0 cloak (worn)
 k - a +0 robe (worn)
 n - a +1 hat (worn)
Scrolls
 d - a scroll of silence {unknown}
 e - 3 scrolls of fog
 f - a scroll of enchant weapon {unknown}
 j - 3 scrolls of holy word {unknown}
 m - a scroll of magic mapping {unknown}
 s - 2 scrolls of amnesia {unknown}
Potions
 c - 2 potions of invisibility
 h - a potion of attraction
 i - a potion of flight
 l - 2 potions of brilliance
 o - 2 potions of heal wounds {@q2}
 q - a potion of curing {@q1}
 r - a potion of might {unknown}


   Skills:
 - Level 1.1 Short Blades
 - Level 2.6 Dodging
 - Level 4.4 Stealth
 - Level 2.6 Spellcasting
 - Level 4.1 Hexes
 + Level 6.5 Necromancy


You had 2 spell levels left.
You knew the following spells:

 Your Spells              Type           Power      Damage    Failure   Level
a - Ensorcelled Hibernat  Hex/Ice        20%        N/A       11%         2
b - Vampiric Draining     Necr           27%        2d7       3%          3
c - Dispel Undead         Necr           27%        3d13      11%         4

Your spell library contained the following spells:

 Spells                   Type           Power      Damage    Failure   Level
 Animate Skeleton         Necr           54%        N/A       1%          1
 Sublimation of Blood     Necr           27%        N/A       1%          2
 Beastly Appendage        Tmut           4%         N/A       16%         1
 Wereblood                Tmut           2%         N/A       24%         2
 Confusing Touch          Hex            18%        N/A       9%          3
 Tukima's Dance           Hex            18%        N/A       9%          3
 Animate Dead             Necr           13%        N/A       11%         4
 Anguish                  Hex/Necr       11%        N/A       17%         4
 Dazzling Flash           Conj/Hex       20%        N/A       21%         3
 Agony                    Necr           27%        N/A       30%         5
 Spider Form              Tmut/Pois      2%         N/A       43%         3
 Borgnjor's Vile Clutch   Necr/Erth      7%         N/A       75%         5
 Death Channel            Necr           13%        N/A       86%         6


Dungeon Overview and Level Annotations

Branches:
Dungeon (4/15)              Sewer (visited)
 Temple: D:4-7

Altars:
Kikubaaqudgha
Makhleb
Ru
Vehumet

Shops:
D:2 =

Annotations:
D:4 Eustachio, Natasha


Innate Abilities, Weirdness & Mutations

You are very small and have problems with some larger weapons.
You are too small for most types of armour.
You have supernaturally acute eyesight. (SInv)
You cover ground extremely quickly. (Speed+++)


Message History

The ball python misses you. The ball python closely misses you.
You barely miss the ball python. The ball python barely misses you.
The ball python misses you. The ball python bites you.
The ball python barely misses you.
You slash the ball python!
The ball python seems to slow down.
You freeze the ball python.
You kill the ball python!
Kikubaaqudgha accepts your kill.
Natasha zaps a wand.
The puff of flame hits you. You resist. Natasha closely misses you.
There is a stone staircase leading down here.
You see here a ball python corpse.
You hit Natasha but do no damage.
The crimson imp disappears in a puff of smoke!
Natasha completely misses you.
You barely miss Natasha. Natasha claws you but does no damage.
Natasha mumbles some strange words.
Natasha glows brightly for a moment.
Natasha claws you.
You hit Natasha. You freeze Natasha.
Natasha extends her claws.
Natasha stares at you and mumbles some strange words.
The magic dart hits you!
You are too injured to fight recklessly!
Aiming: Vampiric Draining (dangerous; 3% risk of failure)
Aim: Natasha, carrying a wand of flame (10) (lightly wounded)
You draw life force from Natasha.
You feel life coursing into your body.
Natasha growls.
Natasha casts a spell at you. The magic dart hits you.
You closely miss Natasha.
Natasha mumbles some strange words.
You hit Natasha. You freeze Natasha. Natasha claws you!
* * * LOW HITPOINT WARNING * * *
The white imp closely misses you. Natasha misses you.
You hit Natasha but do no damage. The white imp hits you.
* * * LOW HITPOINT WARNING * * *
The white imp freezes you. You resist.
You die...
Kikubaaqudgha rasps: "You have failed me!
Welcome... death!"

#.#.. # #..######## #
#.####.#.# .# #.........# #
#.....5#>###.#####.#######.#
# #...^....>......# #.# #
#........######.# #.####
###.#h#### #.# #.....
#.###.## #.# #..### #.#
##.#######.# #..... #.#
##.h@5.##.#######.### ##
#.####.##............ #)#
#...........#.## #.#
############.## #.# ### ##


You could see Natasha and a white imp (summoned).

Vanquished Creatures
  The ghost of berserjio the Sneak, an amateur OpDe of Cheibriados (D:3)
  A scorpion (D:3)
  A gnoll shaman (D:3)
  Ijyb (D:4)
  Natasha (twice) (D:4)
  7 gnolls (D:3)
  8 adders
  3 river rats (Sewer)
  2 worms (D:2)
  A dart slug (D:1)
  An orc (D:4)
  11 bats
  8 endoplasms
  4 giant cockroaches
  4 goblins
  8 hobgoblins
  11 jackals
  6 quokkas
  17 ball pythons
  3 frilled lizards
  10 kobolds
  7 rats
117 creatures vanquished.

Notes
Turn   | Place    | Note
-------+----------+-------------------------------------------
     0 | D:1      | Colgate the Spriggan Enchanter began the quest for the Orb.
     0 | D:1      | Reached XP level 1. HP: 9/9 MP: 5/5
    50 | D:1      | Found a faded altar of an unknown god.
    60 | D:1      | Prayed at the altar of an unknown god.
    60 | D:1      | Became a worshipper of Kikubaaqudgha
    60 | D:1      | Reached * piety under Kikubaaqudgha
    60 | D:1      | Received a gift from Kikubaaqudgha
   257 | D:1      | Reached XP level 2. HP: 13/13 MP: 6/6
   323 | D:1      | Reached skill level 1 in Necromancy
   327 | D:1      | Learned a level 2 spell: Ensorcelled Hibernation
   966 | D:1      | Reached skill level 2 in Necromancy
  1105 | D:1      | Reached XP level 3. HP: 14/16 MP: 0/8
  1109 | D:1      | Learned a level 3 spell: Vampiric Draining
  1237 | D:1      | Reached ** piety under Kikubaaqudgha
  2657 | D:2      | Found Erhe's Jewellery Shoppe.
  2741 | D:2      | Reached skill level 3 in Necromancy
  2831 | D:3      | Found a glowing drain.
  2877 | D:3      | Reached XP level 4. HP: 13/21 MP: 1/9
  2990 | Sewer    | Entered a sewer
  3985 | Sewer    | Reached *** piety under Kikubaaqudgha
  3985 | Sewer    | Received a gift from Kikubaaqudgha
  3986 | Sewer    | Reached skill level 4 in Necromancy
  4319 | Sewer    | Reached XP level 5. HP: 24/24 MP: 7/10
  5513 | D:3      | Found a runed translucent door.
  5513 | D:3      | Noticed berserjio's ghost (amateur OpDe)
  5720 | D:3      | Reached skill level 5 in Necromancy
  5720 | D:3      | Reached XP level 6. HP: 25/28 MP: 8/11
  5725 | D:3      | Learned a level 4 spell: Dispel Undead
  6406 | D:3      | Found a burning altar of Makhleb.
  6584 | D:3      | Killed berserjio's ghost
  6737 | D:4      | Noticed Natasha
  6744 | D:4      | Killed Natasha
  6745 | D:4      | Reached skill level 6 in Necromancy
  6911 | D:4      | Noticed Natasha
  6917 | D:4      | Killed Natasha
  6976 | D:4      | Noticed Eustachio
  7467 | D:4      | Identified the +1 long sword of Destruction {freeze, rF+
                  | rC++ Str+3}
  7510 | D:4      | Noticed Ijyb
  7513 | D:4      | Found a radiant altar of Vehumet.
  7514 | D:4      | Noticed Natasha
  7515 | D:4      | Found a sacrificial altar of Ru.
  7518 | D:4      | Killed Ijyb
  7519 | D:4      | Reached XP level 7. HP: 32/32 MP: 2/12
  7541 | D:4      | HP: 1/32 [white imp[Natasha] (2)]
  7541 | D:4      | Slain by a white imp

Illustrated notes

Levels and vault maps discovered:
D:1:      psy_arrival_basics, layout_basic, hellmonk_ecumenical_altar_run_dry,
          minmay_hexomino_c4
D:2:      layout_basic, serial_shops, shop
D:3:      layout_basic, lightli_temple_of_fire, portal_sewer_entry_d,
          gammafunk_ghost_grave
D:4:      layout_loops_ring, grunt_temple_overflow_open, uniq_natasha,
          uniq_eustachio, uniq_ijyb

Skill      XL: |  1  2  3  4  5  6 |
---------------+-------------------+-----
Hexes          | 4 |  4.1
Necromancy     | 2 3 4 5 6 |  6.5
Short Blades   | |  1.1
Dodging        | |  2.6
Stealth        | |  4.4
Spellcasting   | |  2.6

Action                   |  1- 3 |  4- 6 |  7- 9 || total
-------------------------+-------+-------+-------++-------
Melee: Dagger            |    95 |    99 |       ||   194
       Punch             |     2 |     1 |       ||     3
       Long sword        |       |       |     8 ||     8
 Cast: Ensorcelled Hiber |    57 |    58 |       ||   115
       Vampiric Draining |     1 |    24 |     1 ||    26
       Dispel Undead     |       |     2 |       ||     2
  Use: Scroll            |     5 |     2 |       ||     7
       Potion            |       |     5 |       ||     5
 Stab: Sleeping          |    40 |    42 |       ||    82
       Distracted        |       |     2 |       ||     2
Armor: Robe              |    15 |    28 |     1 ||    44
Dodge: Dodged            |   100 |   171 |     9 ||   280

Table legend: (Time is in decaauts)
 A = Elapsed time spent in this place.
 B = Non-inter-level travel time spent in this place.
 C = Inter-level travel time spent in this place.
 D = Time resting spent in this place.
 E = Time spent auto-exploring this place.
 F = Levels seen in this place.
 G = Mean time per level.
                   A        B        C        D        E       F      G
               +--------+--------+--------+--------+--------+-----+--------+
         Total |   6139 |   5980 |    159 |    334 |   4293 |   5 | 1227.8 |
       Dungeon |   4284 |   4125 |    159 |    252 |   2962 |   4 | 1071.0 |
         Sewer |   1855 |   1855 |      0 |     82 |   1331 |   1 | 1855.0 |
               +--------+--------+--------+--------+--------+-----+--------+

Top non-repeatable levels by time:
   Sewer: 1855 daAuts
     D:3: 1636 daAuts
     D:1: 1441 daAuts
     D:2: 761 daAuts
     D:4: 446 daAuts
